 Dungeon Crawl Stone Soup version 0.27-a0-1202-ge72e49191c (webtiles) character file.

Game seed: 16974257837098377388

6 duckywithit the Skirmisher (level 1, 0/19 HPs)
             Began as a Ghoul Monk on June 2, 2021.
             Slain by a quokka (1 damage)
             ... on level 1 of the Dungeon on Nov 7, 2021.
             The game lasted 00:05:20 (545 turns).

duckywithit the Skirmisher (Ghoul Monk)              Turns: 545, Time: 00:05:20

Health: 0/19       AC:  2    Str: 14    XL:     1   Next: 90%
Magic:  0/0        EV: 12    Int:  5    God:
Gold:   19         SH:  0    Dex: 11    Spells: 0/0 levels left

rFire    . . .     SeeInvis .     - Unarmed
rCold    + . .     Faith    .   (no shield)
rNeg     + + +     Spirit   .   a - +0 robe
rPois    ∞         Reflect  .   (no helmet)
rElec    .         Harm     .   (no cloak)
rCorr    .         Rampage  .   (no gloves)
Will     .....                  (no boots)
Stlth    ++........             (no amulet)
HPRegen  0.00/turn              (no ring)
MPRegen  0.07/turn              (no ring)

@: no status effects
A: claws 1, cold resistance 1, negative energy resistance 3, inhibited
regeneration, torment resistance 2
a: no special abilities


You were on level 1 of the Dungeon.
You visited 1 branch of the dungeon, and saw 1 of its levels.

You collected 19 gold pieces.

Inventory:

Armour
 a - a +0 robe (worn)
Jewellery
 c - a ring of flight
Scrolls
 d - a scroll of fog {unknown}
Potions
 b - 2 potions of attraction {unknown}
 e - a potion of curing {unknown}


   Skills:
 + Level 3.5 Fighting
 + Level 2.8 Dodging
 + Level 2.2 Stealth
 + Level 3.3 Unarmed Combat


You couldn't memorise any spells.
You didn't know any spells.
Your spell library was empty.

Dungeon Overview and Level Annotations

Branches:
Dungeon (1/15)

Altars:


Innate Abilities, Weirdness & Mutations

You thrive by killing the living.
You are immune to poison.
You have sharp fingernails.
Your flesh is cold resistant. (rC+)
You are immune to negative energy. (rN+++)
You do not regenerate when monsters are visible.
You are immune to unholy pain and torment.


Message History

Unknown command.
Unknown command.
Unknown command.
Unknown command.
Unknown command.
Drop what? 5/52 slots (_ for help) (? for menu, Esc to quit)
Okay, then.
Unknown command.
Unknown command.
Welcome back, duckywithit the Ghoul Monk.
Press ? for a list of commands and other information.
Unknown command.
You now have 19 gold pieces (gained 6).
Found a mace.
A quokka comes into view.
A rat comes into view.
The quokka bites you.
The quokka bites you but does no damage.
The quokka bites you. The rat barely misses you. The rat misses you.
You closely miss the quokka. The quokka barely misses you.
The rat closely misses you.
You miss the quokka. The quokka closely misses you.
The quokka completely misses you. The rat bites you.
The quokka bites you but does no damage.
The rat bites you. The quokka closely misses you. The rat closely misses you.
The quokka closely misses you. The rat misses you. The quokka bites you.
The quokka barely misses you. The rat barely misses you.
The quokka completely misses you. The rat bites you. The quokka bites you.
The rat closely misses you.
The quokka bites you but does no damage.
The rat barely misses you. The quokka closely misses you.
The rat barely misses you. The quokka misses you. The quokka bites you.
* * * LOW HITPOINT WARNING * * *
The rat closely misses you. The quokka bites you.
You die...

...###############
#.................
.................
#....).......# ########
#............. #......#
#.##....!....#
#......####.##.........#
##...........##.rr......#
.............##.@.......#
.#.......###.##.........#
......÷.####.##.........#
.#####..##...######.#####
# #.......# .#
######...###.# .#
.............# #
........######
..........#


You could see a quokka and a rat.

Vanquished Creatures
  A dart slug (D:1)
  A bat (D:1)
  A hobgoblin (D:1)
  A rat (D:1)
4 creatures vanquished.

Notes
Turn   | Place    | Note
-------+----------+-------------------------------------------
     0 | D:1      | duckywithit the Ghoul Monk began the quest for the Orb.
     0 | D:1      | Reached XP level 1. HP: 19/19 MP: 0/0
   545 | D:1      | Slain by a quokka

Illustrated notes

Levels and vault maps discovered:
D:1:      minmay_arrival_five_plusses, layout_rooms

Action                   || total
-------------------------++-------
Melee: Unarmed           ||    22
Armor: Robe              ||    15
Dodge: Dodged            ||    46

Table legend: (Time is in decaauts)
 A = Elapsed time spent in this place.
 B = Non-inter-level travel time spent in this place.
 C = Inter-level travel time spent in this place.
 D = Time resting spent in this place.
 E = Time spent auto-exploring this place.
 F = Levels seen in this place.
 G = Mean time per level.
                   A        B        C        D        E       F      G
               +--------+--------+--------+--------+--------+-----+--------+
         Total |    543 |    536 |      7 |    315 |     71 |   1 |  543.0 |
       Dungeon |    543 |    536 |      7 |    315 |     71 |   1 |  543.0 |
               +--------+--------+--------+--------+--------+-----+--------+

Top non-repeatable levels by time:
     D:1: 543 daAuts
